Map: Data-C

Players

ThisIsJimmy

  • Race: Zerg Zerg
  • League: Diamond
  • Spawn Location: 9:00

Cursed - Winner!

  • Race: Zerg Zerg
  • League: Diamond
  • Spawn Location: 3:00

VOD

Have the link to the VOD?

Description

Time

  • Played on: Sept. 21, 2022, 9:52 p.m.
  • Length: 3:48
Show
View Real Time Build Order
Export as new Build Order

ThisIsJimmy Zerg 

Build Orders: Hatch First 

Get SALT Encoding   

  12  0:00  Drone  
  13  0:12  Overlord  
  13  0:18  Drone  
  14  0:30  Drone x2  
  16  0:49  Hatchery  
  15  0:52  Drone  
  16  0:57  Drone  
  16  0:58  Extractor  
  16  1:01  Drone  
  17  1:07  Drone  
  18  1:20  Spawning Pool  
  18  1:22  Drone  
  18  1:28  Drone  
  19  1:39  Drone  
  20  1:50  Overlord  
  20  2:06  Queen x2  
  24  2:10  Metabolic Boost  
  24  2:21  Zergling x8  
  28  2:25  Zergling x4  
  30  2:34  Evolution Chamber  
  29  2:38  Zergling x4  
  31  2:50  Zergling x4  
  33  2:55  Zergling x4  
  35  3:09  Zergling x2  
  35  3:12  Overlord  
  36  3:25  Overlord x2  
Show
View Real Time Build Order
Export as new Build Order

Cursed Zerg - Winner!

Build Orders: Hatch First 

Get SALT Encoding   

  12  0:00  Drone  
  13  0:12  Overlord  
  13  0:18  Drone  
  14  0:31  Drone x2  
  16  0:49  Hatchery  
  15  0:56  Drone  
  15  0:57  Drone  
  17  1:00  Drone  
  18  1:07  Extractor  
  17  1:23  Drone x2  
  17  1:24  Spawning Pool  
  18  1:33  Drone  
  19  1:40  Overlord  
  19  1:53  Drone  
  20  2:04  Drone x2  
  22  2:11  Queen  
  22  2:12  Queen  
  22  2:13  Zergling x4  
  28  2:17  Metabolic Boost  
  28  2:26  Drone x2  
  30  2:36  Drone x2  
  30  2:37  Baneling Nest  
  31  2:53  Overlord  
  31  2:54  Overlord  
  31  3:16  Zergling x8  
  35  3:22  Zergling x16  
  35  3:25  Baneling x4  
  43  3:40  Hatchery  
Tags
 
Add a new tag
Caveats
  • Supply blocks, unpowered buildings, or Contaminate may cause inaccurate times.
  • Supply counts are checked every 10 seconds.